 Dungeon Crawl Stone Soup version 0.31-a0-870-g10ed682358 (webtiles) character file.

Game seed: 14545860458604553262

42 IcyTea the Slasher (level 3, 0/29 HPs)
             Began as a Demonspawn Monk on Oct 12, 2023.
             Slain by a quokka (1 damage)
             ... on level 3 of the Dungeon.
             The game lasted 00:02:57 (1502 turns).

IcyTea the Slasher (Demonspawn Monk)                Turns: 1502, Time: 00:02:57

Health: 0/29       AC:  3    Str: 11    XL:     3   Next: 33%
Magic:  3/3        EV: 12    Int: 13    God:
Gold:   78         SH:  0    Dex: 15    Spells: 2/2 levels left

rFire   . . .        a - +0 falchion
rCold   . . .        d - orb {light}
rNeg    . . .        b - +0 robe
rPois   .            (no helmet)
rElec   .            (no cloak)
rCorr   .            n - +0 pair of gloves
SInv    .            (no boots)
Will    .....        (no amulet)
Stlth   +            (no ring)
HPRegen 0.24/turn    (no ring)
MPRegen 0.08/turn

%: no passive effects
@: glowing
A: powered by pain 2
a: no special abilities


You were on level 3 of the Dungeon.
You visited 1 branch of the dungeon, and saw 3 of its levels.

You collected 78 gold pieces.

Inventory:

Hand Weapons
 a - a +0 falchion (weapon)
Armour
 b - a +0 robe (worn)
 d - an orb of light (worn)
 h - a +0 chain mail
 n - a +0 pair of gloves (worn)
Magical Staves
 m - a staff of fire
Wands
 o - a wand of mindburst (10)
Scrolls
 e - a scroll of teleportation
Potions
 c - a potion of ambrosia
 g - a potion of degeneration
 i - a potion of berserk rage {unknown}
 j - a potion of brilliance {unknown}
 k - a potion of might {unknown}
 l - a potion of haste {unknown}
 p - a potion of lignification {unknown}


   Skills:
 - Level 3.0 Fighting
 + Level 4.0 Long Blades
 - Level 2.6 Dodging


You had 2 spell levels left.
You didn't know any spells.
Your spell library was empty.

Dungeon Overview and Level Annotations

Branches:
Dungeon (3/15)

Altars:

Shops:
D:2 :


Innate Abilities, Weirdness & Mutations

You sometimes gain power by taking damage.


Message History

An orc comes into view. It is wielding a +0 club.
The orc shouts!
You hit the orc but do no damage.
The orc is heavily wounded.
The orc misses you.
You hit the orc but do no damage.
The orc is heavily wounded.
The orc hits you but does no damage.
You hit the orc but do no damage.
The orc is heavily wounded.
The orc wizard casts a spell.
The orc wizard flickers and vanishes for a moment.
The orc hits you with a +0 hand axe.
You hit the orc.
The orc is almost dead.
The quokka bites you. The orc closely misses you.
You completely miss the orc.
The orc is almost dead.
The quokka bites you. The orc hits you with a +0 hand axe.
* * * LOW HITPOINT WARNING * * *
The quokka misses you.
You closely miss the quokka. The orc closely misses you.
The quokka closely misses you.
Unknown command.
You hit the orc but do no damage.
The orc is almost dead.
The orc hits you with a +0 hand axe.
* * * LOW HITPOINT WARNING * * *
The quokka bites you but does no damage.
The air fills with toxic fumes!
As you read the scroll labelled GUNLORPH VUTET, it crumbles to dust.
It was a scroll of poison.
The quokka closely misses you. The orc barely misses you.
As you read the scroll labelled XUPTUI OSMUI, it crumbles to dust.
It is a scroll of identify.
g - a potion of degeneration The quokka misses you.
The orc hits you with a +0 hand axe.
* * * LOW HITPOINT WARNING * * *
The quokka bites you.
You die...

#####
##########§§§#
#§ooo@r§§§§#.#
#§########§§§#
##......
#####$ .. ..
.# .#


You could see an orc wizard (invisible), 2 orcs and a quokka.

Vanquished Creatures
  A worm (D:2)
  A dart slug (D:1)
  3 bats
  5 endoplasms
  2 giant cockroaches (D:2)
  4 goblins
  2 hobgoblins (D:2)
  A quokka (D:1)
  4 ball pythons
  2 frilled lizards (D:1)
  5 kobolds
  4 rats
34 creatures vanquished.

Notes
Turn   | Place    | Note
-------+----------+-------------------------------------------
     0 | D:1      | IcyTea the Demonspawn Monk began the quest for the Orb.
     0 | D:1      | Reached XP level 1. HP: 18/18 MP: 1/1
    19 | D:1      | Noticed a golden eye
    27 | D:1      | Noticed a golden eye
    29 | D:1      | Found a faded altar of an unknown god.
    30 | D:1      | Noticed a golden eye
    30 | D:1      | Noticed a great orb of eyes
    35 | D:1      | Reached skill level 3 in Long Blades
    60 | D:1      | Gained mutation: You sometimes gain a little power by
                  | taking damage. [demonic ancestry]
    60 | D:1      | Reached XP level 2. HP: 22/24 MP: 2/2
   805 | D:2      | Gained mutation: You sometimes gain power by taking damage.
                  | [demonic ancestry]
   805 | D:2      | Reached XP level 3. HP: 18/29 MP: 3/3
  1013 | D:2      | Reached skill level 4 in Long Blades
  1453 | D:2      | Found Umabreuc's Vocational Training.
  1502 | D:3      | HP: 1/29 [orc/+0 hand axe (3)]
  1502 | D:3      | Slain by a quokka

Illustrated notes

Levels and vault maps discovered:
D:1:      heliophobic_arrival_battle_scene, layout_basic,
          hellmonk_ecumenical_altar_watching_god
D:2:      layout_basic, basic_altar, chequers_serial_rivers_marsh,
          nicolae_shop_vocational
D:3:      layout_loops_ring, serial_glass, glass_columns_c, glass_columns_a,
          kennysheep_nondescript

Skill      XL: |  1  2  3 |
---------------+----------+-----
Long Blades    | 3 4 |  4.0
Fighting       | |  3.0
Dodging        | |  2.6

Action                     || total
---------------------------++-------
  Melee: Falchion          ||    81
    Use: Scroll            ||     3
 Armour: Robe              ||    52
  Dodge: Dodged            ||    68

Table legend: (Time is in decaauts)
 A = Elapsed time spent in this place.
 B = Non-inter-level travel time spent in this place.
 C = Inter-level travel time spent in this place.
 D = Time resting spent in this place.
 E = Time spent auto-exploring this place.
 F = Levels seen in this place.
 G = Mean time per level.
                   A        B        C        D        E       F      G
               +--------+--------+--------+--------+--------+-----+--------+
         Total |   1513 |   1499 |     14 |      0 |   1093 |   3 |  504.3 |
       Dungeon |   1513 |   1499 |     14 |      0 |   1093 |   3 |  504.3 |
               +--------+--------+--------+--------+--------+-----+--------+

Top non-repeatable levels by time:
     D:2: 753 daAuts
     D:1: 728 daAuts
     D:3: 31 daAuts
